 Dungeon Crawl Stone Soup version 0.28-a0-465-ge2dae52223 (webtiles) character file.

Game seed: 16707861902296965694

51 nicanaca0 the Fighter (level 3, 0/38 HPs)
             Began as a Gnoll Wanderer on Sept 14, 2021.
             Was an Initiate of Gozag.
             Slain by Sigmund the tengu (13 damage)
             ... on level 2 of the Dungeon.
             The game lasted 00:02:55 (1485 turns).

nicanaca0 the Fighter (Gnoll Wanderer)              Turns: 1485, Time: 00:02:56

Health: 0/38       AC:  4    Str: 10    XL:     3   Next: 83%
Magic:  4/4        EV: 11    Int: 12    God:    Gozag
Gold:   107        SH:  0    Dex: 12    Spells: 4/4 levels left

rFire   . . .      SeeInvis .   a - +2 shortbow
rCold   . . .      Faith    .   (shield currently unavailable)
rNeg    . . .      Spirit   .   e - +0 robe
rPois   .          Reflect  .   k - +0 helmet
rElec   .          Harm     .   (no cloak)
rCorr   .          Rampage  .   h - +0 pair of gloves
Will    .....                   (no boots)
Stlth   ++........              (no amulet)
HPRegen 0.12/turn               (no ring)
MPRegen 0.09/turn               (no ring)

@: no status effects
A: fangs 1, strong nose, distributed training
a: Renounce Religion, Potion Petition, Call Merchant, Bribe Branch


You were on level 2 of the Dungeon.
You worshipped Gozag.
Gozag was aware of your devotion.
You visited 1 branch of the dungeon, and saw 2 of its levels.

You collected 118 gold pieces.
You paid 11 gold pieces to Gozag.

Inventory:

Hand Weapons
 a - a +2 shortbow (weapon)
 b - a +1 dagger of venom
 c - a +0 mace
Missiles
 f - 16 stones
 m - 25 arrows (quivered ammo)
Armour
 e - a +0 robe (worn)
 h - a +0 pair of gloves (worn)
 k - a +0 helmet (worn)
Wands
 l - a wand of polymorph (3)
Scrolls
 g - a scroll of identify {unknown}
 i - a scroll of teleportation {unknown}
Potions
 d - 2 potions of lignification
 j - a potion of curing {unknown}


   Skills:
 + Level 8.5 Fighting
 + Level 1.0 Short Blades
 + Level 1.0 Long Blades
 + Level 1.0 Axes
 + Level 1.0 Maces & Flails
 + Level 1.0 Polearms
 + Level 2.6 Staves
 + Level 1.0 Slings
 + Level 4.6 Bows
 + Level 1.0 Crossbows
 + Level 1.0 Throwing
 + Level 2.6 Armour
 + Level 1.0 Dodging
 + Level 1.0 Stealth
 + Level 4.6 Shields
 + Level 1.0 Unarmed Combat
 + Level 1.0 Spellcasting
 + Level 0.7 Conjurations
 + Level 0.7 Hexes
 + Level 0.7 Summonings
 + Level 0.7 Necromancy
 + Level 0.7 Translocations
 + Level 0.7 Transmutations
 + Level 0.7 Fire Magic
 + Level 0.7 Ice Magic
 + Level 0.7 Air Magic
 + Level 0.7 Earth Magic
 + Level 0.7 Poison Magic
 + Level 1.0 Invocations
 + Level 1.0 Evocations


You had 4 spell levels left.
You didn't know any spells.
Your spell library was empty.

Dungeon Overview and Level Annotations

Branches:
Dungeon (2/15)

Altars:
Gozag

Annotations:
D:2 Sigmund


Innate Abilities, Weirdness & Mutations

You have very sharp teeth.
Your uncanny sense of smell can sniff out nearby items.
Your experience applies equally to all skills.


Message History

b - a +1 dagger of venom (weapon)
Your +1 dagger of venom stops dripping with poison.
a - a +2 shortbow (weapon)
You start putting on your armour.
You continue putting on your +0 pair of gloves. x4
You finish putting on your +0 pair of gloves.
You start putting on your armour.
You continue putting on your +0 helmet. x4
You finish putting on your +0 helmet.
A goblin is nearby!
You shoot an arrow. The goblin shouts!
The arrow hits the goblin.
You kill the goblin!
You now have 102 gold pieces (gained 8).
m - 26 arrows (gained 1)
You see here a +0 club.
You now have 107 gold pieces (gained 5).
m - 27 arrows (gained 1)
m - 28 arrows (gained 1) Sigmund the Dreaded comes into view.
He is wielding a +0 scythe.
Sigmund shouts!
Aiming: Polymorph
Press: ? - help, Shift-Dir - straight line, f - Sigmund
Aim: Sigmund, wielding a +0 scythe and wearing a +0 robe (will become a killer bee, a giant cockroach, or a tengu, chance to affect: 57%) Sigmund resists with significant effort.
Sigmund hits you from afar with a +0 scythe.
Aiming: Polymorph
Press: ? - help, Shift-Dir - straight line, f/p - Sigmund
Aim: Sigmund, wielding a +0 scythe and wearing a +0 robe (will become a killer bee, a giant cockroach, or a tengu, chance to affect: 57%) Sigmund evaporates and reforms as a tengu!
You shoot an arrow. The arrow hits Sigmund.
Sigmund is lightly wounded.
Sigmund picks up a +0 scythe.
Sigmund wields a +0 scythe.
You shoot an arrow. The arrow barely misses Sigmund.
Sigmund barely misses you.
You shoot an arrow. The arrow barely misses Sigmund.
Sigmund hits you from afar with a +0 scythe!!
Ouch! That really hurt!
Sigmund hits you from afar with a +0 scythe!
You die...
Your body crumbles into a pile of gold.

##..._...#.#........#.#.######.##
##......#.##.##.#..#)#.#........
###......#.##.##.#..#.#.#.####.##
.......#.#.##....#..#.#.#.# #..#
########.#.##########.#.#.# ##.#
.........# .........))..# #.#
########################..#####.#
# ........#####........... #
.......@..........#####. #
........######....# #. #
.......Q# #....# ## # .........
#....# # ### ......... #....# #
..# .......... #....# ..#
........## #....# ..# .......(#
....# ..# #


You could see Sigmund the tengu.

Vanquished Creatures
  Robin (D:2)
  2 bats
  2 endoplasms
  3 giant cockroaches
  9 goblins (D:2)
  5 hobgoblins
  4 jackals (D:1)
  3 kobolds (D:1)
  A quokka (D:1)
  A ball python (D:1)
  A frilled lizard (D:1)
  A rat (D:1)
33 creatures vanquished.

Notes
Turn   | Place    | Note
-------+----------+-------------------------------------------
     0 | D:1      | nicanaca0 the Gnoll Wanderer began the quest for the Orb.
     0 | D:1      | nicanaca0 set off with the following items: a +2 shortbow,
                  | 20 arrows, a +0 mace, a potion of lignification, a +0 robe
     0 | D:1      | Reached XP level 1. HP: 26/26 MP: 1/1
   149 | D:1      | Reached XP level 2. HP: 33/33 MP: 2/2
   370 | D:1      | You fall into a shaft and drop 1 floor!
   593 | D:1      | Found a faded altar of an unknown god.
   984 | D:2      | Reached XP level 3. HP: 38/38 MP: 3/3
  1015 | D:2      | Found an opulent altar of Gozag.
  1032 | D:2      | Became a worshipper of Gozag Ym Sagoz the Greedy
  1134 | D:2      | Noticed Robin
  1212 | D:2      | Killed Robin
  1213 | D:2      | Reached skill level 1 in Invocations
  1396 | D:2      | Reached skill level 1 in Short Blades
  1396 | D:2      | Reached skill level 1 in Long Blades
  1396 | D:2      | Reached skill level 1 in Axes
  1396 | D:2      | Reached skill level 1 in Maces & Flails
  1396 | D:2      | Reached skill level 1 in Polearms
  1396 | D:2      | Reached skill level 1 in Slings
  1396 | D:2      | Reached skill level 1 in Crossbows
  1396 | D:2      | Reached skill level 1 in Throwing
  1396 | D:2      | Reached skill level 1 in Dodging
  1396 | D:2      | Reached skill level 1 in Stealth
  1396 | D:2      | Reached skill level 1 in Unarmed Combat
  1396 | D:2      | Reached skill level 1 in Spellcasting
  1396 | D:2      | Reached skill level 1 in Evocations
  1480 | D:2      | Noticed Sigmund
  1482 | D:2      | Noticed Sigmund
  1482 | D:2      | Sigmund changed into Sigmund the tengu
  1485 | D:2      | Slain by Sigmund the tengu

Illustrated notes

Levels and vault maps discovered:
D:1:      dpeg_arrival_houses_and_road, layout_basic, serial_curves,
          eino_curves_04, eino_curves_03, eino_curves_04, eino_curves_04,
          shapermc_ecumenical_altar_mp_ritualfount, hex_intersection
D:2:      layout_basic, basic_altar, uniq_jessica, uniq_sigmund, uniq_robin

Skill      XL: |  1  2  3 |
---------------+----------+-----
Invocations    | 1 |  1.0
Short Blades   | 1 |  1.0
Long Blades    | 1 |  1.0
Axes           | 1 |  1.0
Maces & Flails | 1 |  1.0
Polearms       | 1 |  1.0
Slings         | 1 |  1.0
Crossbows      | 1 |  1.0
Throwing       | 1 |  1.0
Dodging        | 1 |  1.0
Stealth        | 1 |  1.0
Unarmed Combat | 1 |  1.0
Spellcasting   | 1 |  1.0
Evocations     | 1 |  1.0
Fighting       | |  8.5
Staves         | |  2.6
Bows           | |  4.6
Armour         | |  2.6
Shields        | |  4.6
Conjurations   | |  0.7
Hexes          | |  0.7
Summonings     | |  0.7
Necromancy     | |  0.7
Translocations | |  0.7
Transmutations | |  0.7
Fire Magic     | |  0.7
Ice Magic      | |  0.7
Air Magic      | |  0.7
Earth Magic    | |  0.7
Poison Magic   | |  0.7

Action                   || total
-------------------------++-------
Melee: Unarmed           ||     8
 Fire: Shortbow          ||    82
Evoke: Wand              ||     2
Armor: Robe              ||     7
       Skin              ||     4
Dodge: Dodged            ||    36

Table legend: (Time is in decaauts)
 A = Elapsed time spent in this place.
 B = Non-inter-level travel time spent in this place.
 C = Inter-level travel time spent in this place.
 D = Time resting spent in this place.
 E = Time spent auto-exploring this place.
 F = Levels seen in this place.
 G = Mean time per level.
                   A        B        C        D        E       F      G
               +--------+--------+--------+--------+--------+-----+--------+
         Total |   1490 |   1409 |     81 |     93 |    983 |   2 |  745.0 |
       Dungeon |   1490 |   1409 |     81 |     93 |    983 |   2 |  745.0 |
               +--------+--------+--------+--------+--------+-----+--------+

Top non-repeatable levels by time:
     D:1: 852 daAuts
     D:2: 637 daAuts
